 Dungeon Crawl Stone Soup version 0.31-a0-426-g3a05650e59 (webtiles) character file.

Game seed: 5699572160817776892

10499 arthad the Blocker (level 11, -10/71 HPs)
             Began as a Gargoyle Fighter on July 30, 2023.
             Was an Initiate of Gozag.
             Mangled by a skeletal warrior
             ... wielding a +0 hand axe
              (16 damage)
             ... on level 11 of the Dungeon.
             The game lasted 00:27:35 (10202 turns).

arthad the Blocker (Gargoyle Fighter)              Turns: 10202, Time: 00:27:35

Health: -10/71     AC: 24    Str: 25    XL:     11   Next: 63%
Magic:  0/16       EV: 15    Int:  8    God:    Gozag
Gold:   1386       SH:  6    Dex:  9    Spells: 13/16 levels left

rFire   . . .        D - +3 flail (drain)
rCold   . . .        c - +0 buckler
rNeg    + + .        H - +2 scale mail {rN+}
rPois   ∞            (no helmet)
rElec   +            L - +2 cloak {rCorr}
rCorr   +            l - +0 pair of gloves
SInv    .            S - +0 pair of boots
Will    .....        I - amulet of guardian spirit Stlth
                     Y - +5 ring of evasion
HPRegen 0.31/turn    (no ring)
MPRegen 0.15/turn

%: guardian spirit
@: mighty, hasted, very quick
A: sickness immunity, AC +8, negative energy resistance 1, electricity
resistance, torment resistance 1, petrification resistance
a: Renounce Religion, Potion Petition, Call Merchant, Bribe Branch


You were on level 11 of the Dungeon.
You worshipped Gozag.
Gozag was most pleased with you.
You visited 1 branch of the dungeon, and saw 11 of its levels.

You collected 1916 gold pieces.
You spent 174 gold pieces at shops.
You paid 356 gold pieces to Gozag.

Inventory:

Hand Weapons
 a - a +0 flail
 f - a +0 whip of venom
 w - a +1 whip of venom
 D - a +3 flail of draining (weapon)
 K - a +2 quarterstaff of chaos
 M - a +0 hammer of protection
 O - a +0 morningstar
Missiles
 i - 16 poisoned darts (quivered)
 v - a boomerang
 Q - 6 atropa-tipped darts
 R - 7 curare-tipped darts
Armour
 b - a +0 scale mail
 c - a +0 buckler (worn)
 l - a +0 pair of gloves (worn)
 t - a +2 leather armour of cold resistance
 z - a +1 cloak of preservation
 H - a +2 scale mail of positive energy (worn)
 L - a +2 cloak of preservation (worn)
 S - a +0 pair of boots (worn)
Jewellery
 u - an amulet of magic regeneration
 I - an amulet of guardian spirit (around neck)
 Y - a +5 ring of evasion (left hand)
Wands
 W - a wand of flame (13)
 X - a wand of charming (4)
Scrolls
 g - a scroll of amnesia {unknown}
 h - 5 scrolls of identify
 k - a scroll of enchant armour
 m - a scroll of revelation
 n - a scroll of teleportation
 o - a scroll of brand weapon {unknown}
 p - 3 scrolls of noise {unknown}
 q - 4 scrolls of blinking {unknown}
 x - 2 scrolls of torment {unknown}
 y - 4 scrolls of enchant weapon {unknown}
 C - a scroll of acquirement {unknown}
 F - 2 scrolls of fog {unknown}
 J - a scroll of fear {unknown}
 V - a scroll of immolation {unknown}
Potions
 e - 6 potions of haste
 j - 4 potions of lignification {unknown}
 r - 2 potions of curing
 s - 2 potions of attraction {unknown}
 A - a potion of enlightenment {unknown}
 B - a potion of berserk rage {unknown}
 E - a potion of ambrosia {unknown}
 G - 2 potions of magic {unknown}
 N - a potion of heal wounds {unknown}
 P - a potion of degeneration {unknown}
 T - a potion of resistance {unknown}
 U - 3 potions of mutation {unknown}


   Skills:
 * Level 9.6 Fighting
 * Level 8.4 Maces & Flails
 + Level 3.4 Throwing
 * Level 9.5 Armour
 * Level 9.6 Shields
 + Level 3.3 Spellcasting
 + Level 3.2 Translocations
 + Level 4.3 Earth Magic


You had 13 spell levels left.
You knew the following spells:

 Your Spells              Type           Power      Damage    Failure   Level
a - Sandblast             Erth           16%        2d6       12%         1
b - Blink                 Tloc           12%        N/A       28%         2

Your spell library contained the following spells:

 Spells                   Type           Power      Damage    Failure   Level
 Lesser Beckoning         Tloc           12%        N/A       28%         2
 Passwall                 Tmut/Erth      3%         N/A       41%         2
 Momentum Strike          Conj/Tloc      6%         3d8       50%         2
 Stone Arrow              Conj/Erth      8%         3d7       65%         3
 Call Imp                 Summ           2%         N/A       73%         2
 Ensorcelled Hibernation  Hex/Ice        2%         N/A       73%         2
 Poisonous Vapours        Pois/Air       2%         N/A       73%         2
 Mephitic Cloud           Conj/Pois/Air  1%         N/A       91%         3
 Cause Fear               Hex            0%         N/A       100%        4
 Fireball                 Conj/Fire      0%         3d3       100%        5
 Freezing Cloud           Conj/Ice/Air   0%         6-21      100%        5
 Dragon's Call            Summ           0%         N/A       100%        9


Dungeon Overview and Level Annotations

Branches:
Dungeon (11/15)            Temple (0/1) D:7            Lair (0/5) D:9
    Orc: D:9-12

Altars:
Elyvilon
Gozag
Hepliaklqana
Okawaru
Sif Muna
Trog
Uskayaw
Vehumet
Xom
Yredelemnul

Shops:
D:4 *   D:6 [

Annotations:
D:8 3 runed translucent doors, Pooter's ghost, novice TrFi


Innate Abilities, Weirdness & Mutations

You are immune to sickness and miasma.
Your stone body is resilient. (AC +8)
You are immune to poison.
You resist negative energy. (rN+)
You are resistant to electric shocks. (rElec)
You are resistant to unholy torment.
You are immune to petrification.


Message History

The skeletal warrior hits you but does no damage.
The skeletal warrior misses you.
The skeletal warrior hits you with a +0 hand axe!
You thump the skeletal warrior!
The skeletal warrior is almost destroyed.
You block the skeletal warrior's attack.
The skeletal warrior hits you but does no damage. x2
You sock the skeletal warrior!
The skeletal warrior is almost destroyed.
The skeletal warrior hits you with a +0 flail.
The skeletal warrior hits you from afar with a +0 trident!
The skeletal warrior hits you with a +0 hand axe.
You barely miss the skeletal warrior.
The skeletal warrior is almost destroyed.
You block the skeletal warrior's attack.
The skeletal warrior hits you with a +0 hand axe!
The skeletal warrior barely misses you.
You closely miss the skeletal warrior.
The skeletal warrior is almost destroyed.
The skeletal warrior hits you but does no damage.
The skeletal warrior closely misses you.
You block the skeletal warrior's attack.
You hit the skeletal warrior.
The skeletal warrior is almost destroyed.
The skeletal warrior hits you but does no damage.
The skeletal warrior misses you.
The skeletal warrior hits you but does no damage.
You hit the skeletal warrior.
The skeletal warrior is almost destroyed.
The skeletal warrior hits you but does no damage.
The skeletal warrior hits you from afar with a +0 trident!
* * * LOW HITPOINT WARNING * * *
The skeletal warrior completely misses you.
You feel yourself speed up.
The skeletal warrior hits you but does no damage.
The skeletal warrior hits you from afar with a +0 trident!
* * * LOW HITPOINT WARNING * * *
The skeletal warrior hits you with a +0 hand axe!
You die...
Your body crumbles into a pile of gold.

##.....## ###..#
#......######...##
#..............##
#..............#
#.............##
##...........##
#.........)##
##z.......###
#.z@.....##
#z####..## .).T #..#
#...... ##.#######
+........ +.......#
#.........##.####...
#...........#.<##
###.......###...#
##..#


You could see 3 skeletal warriors.

Vanquished Creatures
  A two-headed ogre (D:9)
  A troll (D:9)
  A shadow (D:8)
  5 wyverns
  Sigmund (D:6)
  13 yaks
  Grum (D:9)
  2 vampire mosquitoes (D:10)
  Edmund (D:4)
  4 steam dragons
  2 acid dragons
  4 water moccasins
  Duvessa (D:6)
  4 black bears
  An orc warrior (D:8)
  3 ice beasts
  4 ogres
  4 wolves (D:9)
  2 centaurs
  Blork the orc (D:6)
  3 bullfrogs
  2 kobold brigands
  2 scorpions
  12 wights
  Dowan (D:6)
  31 killer bees
  A howler monkey (D:10)
  4 hounds
  3 orc priests (D:5)
  Crazy Yiuf (D:6)
  2 gnoll boudas
  A jelly (D:6)
  2 sleepcaps (D:5)
  4 orc wizards
  3 iguanas
  13 gnolls
  7 adders
  4 white imps
  An ufetubus (D:7)
  3 worms (D:2)
  A dart slug (D:1)
  24 orcs
  7 endoplasms
  4 giant cockroaches
  9 goblins
  4 hobgoblins
  A quokka (D:1)
  7 ball pythons
  4 bats
  A frilled lizard (D:2)
  17 kobolds
  3 rats
238 creatures vanquished.

Vanquished Creatures (collateral kills)
  A wyvern (D:8)
1 creature vanquished.

Grand Total: 239 creatures vanquished

Notes
Turn   | Place    | Note
-------+----------+-------------------------------------------
     0 | D:1      | arthad the Gargoyle Fighter began the quest for the Orb.
     0 | D:1      | Reached XP level 1. HP: 14/14 MP: 1/1
   166 | D:1      | Reached XP level 2. HP: 17/19 MP: 2/2
   637 | D:1      | Reached XP level 3. HP: 16/24 MP: 3/3
  1171 | D:2      | Reached XP level 4. HP: 19/29 MP: 4/4
  1867 | D:3      | Found a bloodstained altar of Trog.
  1868 | D:3      | Found a hazy altar of Hepliaklqana.
  1872 | D:3      | Found an opulent altar of Gozag.
  1900 | D:3      | Reached XP level 5. HP: 28/33 MP: 5/5
  1927 | D:3      | Found a hide-covered altar of Uskayaw.
  1933 | D:3      | Found a radiant altar of Vehumet.
  1940 | D:3      | Became a worshipper of Gozag Ym Sagoz the Greedy
  2362 | D:3      | Found a faded altar of an unknown god.
  2772 | D:4      | Noticed an ogre
  2803 | D:4      | Killed an ogre
  2804 | D:4      | Reached XP level 6. HP: 23/39 MP: 6/6
  3000 | D:4      | Found Gucemm's General Store.
  3006 | D:4      | Bought a +0 cloak of preservation for 138 gold pieces
  3006 | D:4      | Bought a potion of curing for 36 gold pieces
  3515 | D:4      | Reached skill level 5 in Shields
  3564 | D:4      | Noticed Edmund
  3573 | D:4      | Killed Edmund
  3574 | D:4      | Reached skill level 5 in Fighting
  3574 | D:4      | Reached skill level 5 in Armour
  3574 | D:4      | Reached XP level 7. HP: 35/44 MP: 7/7
  3732 | D:5      | Entered Level 5 of the Dungeon
  4213 | D:5      | Reached XP level 8. HP: 43/51 MP: 8/8
  4309 | D:5      | Found a white marble altar of Elyvilon.
  4426 | D:5      | Found a shimmering blue altar of Sif Muna.
  4468 | D:5      | Found an iron altar of Okawaru.
  4629 | D:6      | Found a runed translucent door.
  4630 | D:6      | Noticed Crazy Yiuf
  4674 | D:6      | Noticed Blork the orc
  4700 | D:5      | Reached skill level 5 in Maces & Flails
  4779 | D:6      | Noticed Sigmund
  4942 | D:6      | Killed Sigmund
  4991 | D:6      | Noticed Duvessa
  4994 | D:6      | Noticed Dowan
  5006 | D:6      | Killed Duvessa
  5361 | D:6      | Killed Blork the orc
  5362 | D:6      | Reached XP level 9. HP: 56/56 MP: 9/9
  5372 | D:6      | Killed Dowan
  5525 | D:6      | Found a shimmering altar of Xom.
  5847 | D:6      | Found Lowoteul's Antique Armour Shoppe.
  5915 | D:6      | Killed Crazy Yiuf
  6129 | D:7      | Found a basalt altar of Yredelemnul.
  6254 | D:7      | Got Sif Muna's Elucidation of Curses and Formation
  6341 | D:7      | Learned a level 1 spell: Sandblast
  6344 | D:7      | Learned a level 2 spell: Blink
  6439 | D:7      | Found a staircase to the Ecumenical Temple.
  6503 | D:7      | Reached skill level 1 in Earth Magic
  6764 | D:7      | Reached skill level 1 in Throwing
  6764 | D:7      | Reached skill level 1 in Spellcasting
  6764 | D:7      | Reached skill level 1 in Translocations
  6911 | D:7      | Reached XP level 10. HP: 62/64 MP: 11/11
  7416 | D:8      | Noticed a six-headed hydra
  7416 | D:8      | Noticed a gargoyle
  7418 | D:8      | Noticed a cyclops
  7567 | D:8      | Noticed a green ugly thing
  7567 | D:8      | Noticed a centaur warrior
  7568 | D:8      | Noticed an eight-headed hydra
  7633 | D:8      | Noticed a boulder beetle
  7634 | D:8      | Identified the +3 plate armour of Vampiric Thralls {rElec
                  | rCorr Int+3}
  7634 | D:8      | Noticed a tengu warrior
  7634 | D:8      | Noticed a deep elf pyromancer
  7729 | D:8      | Found a runed translucent gate.
  7729 | D:8      | Found a runed translucent gate.
  7730 | D:8      | Found a runed translucent gate.
  7731 | D:8      | Found an opulent altar of Gozag.
  7731 | D:8      | Noticed a kobold demonologist
  7734 | D:8      | Noticed Pooter's ghost (novice TrFi)
  8185 | D:9      | HP: 1/65 [wight/+4 battleaxe of freezing (6)]
  8587 | D:9      | Noticed a two-headed ogre
  8601 | D:9      | Killed a two-headed ogre
  8602 | D:9      | Reached XP level 11. HP: 42/71 MP: 9/14
  8734 | D:9      | Found a staircase to the Lair.
  8982 | D:9      | Noticed Grum
  9006 | D:9      | Killed Grum
  9391 | D:10     | Entered Level 10 of the Dungeon
 10182 | D:11     | Noticed a skeletal warrior
 10182 | D:11     | Noticed a skeletal warrior
 10182 | D:11     | Noticed a skeletal warrior
 10202 | D:11     | Mangled by a skeletal warrior

Illustrated notes

Levels and vault maps discovered:
D:1:      dpeg_arrival_line_fractal, layout_loops_corners
D:2:      layout_rooms
D:3:      layout_basic, grunt_temple_overflow_open,
          shapermc_ecumenical_altar_hornbeckon, kennysheep_generic_room_9
D:4:      layout_basic, serial_shops, shop, uniq_edmund
D:5:      layout_basic, kennysheep_orc_sif_temple, kennysheep_mini,
          mainiacjoe_overflow_24_doors, grunt_ministairs_8
D:6:      layout_rooms, dk_xom_monty_hall, serial_shops, shop_statue,
          uniq_duvessa, uniq_crazy_yiuf_cottage, uniq_sigmund,
          uniq_blork_the_orc
D:7:      layout_basic, nicolae_overflow_crystal_walls, temple_doors_ab
D:8:      layout_loops_cross, ebering_ghost_gozag, minivault_12
D:9:      layout_roguey, minmay_lair_entry_grove, serial_corexii_hall,
          corexii_hall_statues_x, chequers_hall_statues_y, uniq_grum
D:10:     layout_roguey
D:11:     nicolae_cairo_tiling_very_big, layout_layer_cave,
          nicolae_specific_store, kennysheep_generic_room_3

Skill      XL: |  1  2  3  4  5  6  7  8  9 10 11 |
---------------+----------------------------------+-----
Shields        | 4 5 7 8 9 |  9.6
Armour         | 4 5 6 8 9 |  9.5
Fighting       | 4 5 6 8 9 |  9.6
Maces & Flails | 3 4 5 6 7 8 |  8.4
Earth Magic    | 1 3 4 |  4.3
Throwing       | 1 2 3 |  3.4
Spellcasting   | 1 2 3 |  3.3
Translocations | 1 2 3 |  3.2

Action                     |  1- 3 |  4- 6 |  7- 9 | 10-12 || total
---------------------------+-------+-------+-------+-------++-------
  Melee: Flail             |    32 |       |   305 |   435 ||   772
         Whip              |    69 |   197 |       |       ||   266
  Throw: Dart              |       |    41 |    40 |    60 ||   141
         Boomerang         |       |       |    14 |       ||    14
 Invoke: Potion Petition   |       |       |       |     1 ||     1
  Evoke: Wand              |       |       |     3 |     1 ||     4
    Use: Potion            |       |     2 |     3 |     2 ||     7
         Scroll            |       |       |     5 |       ||     5
   Stab: Distracted        |       |       |     3 |       ||     3
 Armour: Scale mail        |    42 |    74 |   252 |   303 ||   671
  Dodge: Dodged            |    37 |    62 |   165 |   258 ||   522
  Block: Buckler           |    21 |    34 |    95 |   169 ||   319

Table legend: (Time is in decaauts)
 A = Elapsed time spent in this place.
 B = Non-inter-level travel time spent in this place.
 C = Inter-level travel time spent in this place.
 D = Time resting spent in this place.
 E = Time spent auto-exploring this place.
 F = Levels seen in this place.
 G = Mean time per level.
                   A        B        C        D        E       F      G
               +--------+--------+--------+--------+--------+-----+--------+
         Total |  10277 |   9780 |    497 |    573 |   6969 |  11 |  934.3 |
       Dungeon |  10277 |   9780 |    497 |    573 |   6969 |  11 |  934.3 |
               +--------+--------+--------+--------+--------+-----+--------+

Top non-repeatable levels by time:
     D:9: 1472 daAuts
     D:5: 1405 daAuts
     D:7: 1277 daAuts
     D:1: 1092 daAuts
     D:4: 1078 daAuts
     D:3: 1069 daAuts
     D:6: 890 daAuts
     D:8: 744 daAuts
    D:10: 650 daAuts
     D:2: 504 daAuts
    D:11: 93 daAuts
